 Dungeon Crawl Stone Soup version 0.30.0-20-g3615ddf2f0 (webtiles) character file.

Game seed: 3656437841589492823

203 qw the Chopper (level 5, -4/32 HPs)
             Began as a Gargoyle Fighter on May 29, 2023.
             Was an Initiate of Okawaru.
             Slain by an ogre
             ... wielding a +0 giant club
              (13 damage)
             ... on level 4 of the Dungeon.
             The game lasted 00:01:31 (2672 turns).

qw the Chopper (Gargoyle Fighter)                   Turns: 2672, Time: 00:01:31

Health: -4/32      AC: 19    Str: 26    XL:     5   Next: 81%
Magic:  5/5        EV:  6    Int:  8    God:    Okawaru [......]
Gold:   122        SH:  4    Dex: 10    Spells: 4/4 levels left

rFire   + . .        Y - +1 war axe (venom)
rCold   . . .        c - +0 buckler
rNeg    + + .        a - +0 plate armour
rPois   inf          (no helmet)
rElec   +            q - +2 ratskin cloak {*Rats rPois rN+ Str-1 Int-1 Dex+1}
rCorr   .            e - +0 pair of gloves
SInv    .            (no boots)
Will    .....        (no amulet) Stlth
                     f - +6 ring of strength
HPRegen 0.25/turn    l - ring of protection from fire
MPRegen 0.09/turn

%: no passive effects
@: no status effects
A: sickness immunity, AC +4, negative energy resistance 1, electricity
resistance, torment resistance 1, petrification resistance
a: Renounce Religion


You were on level 4 of the Dungeon.
You worshipped Okawaru.
Okawaru was noncommittal.
You visited 1 branch of the dungeon, and saw 4 of its levels.

You collected 122 gold pieces.


Innate Abilities, Weirdness & Mutations

You are immune to sickness and miasma.
Your stone body is resilient. (AC +4)
You are immune to poison.
You resist negative energy. (rN+)
You are resistant to electric shocks. (rElec)
You are resistant to unholy torment.
You are immune to petrification.


   Skills:
 + Level 3.3 Fighting
 - Level 5.3 Axes
 - Level 3.2 Armour
 - Level 3.2 Shields


You had 4 spell levels left.
You didn't know any spells.
Your spell library was empty.

Inventory:

Hand Weapons
 n - a +0 flail
 Y - a +1 war axe of venom (weapon)
Armour
 a - a +0 plate armour (worn)
 c - a +0 buckler (worn)
 e - a +0 pair of gloves (worn)
 q - the +2 ratskin cloak (worn) {*Rats rPois rN+ Str-1 Int-1 Dex+1}
   (You found it on level 3 of the Dungeon)

   *Rats:     When the wearer is hurt, rats may emerge from it to assist them.
   Str:       It affects your strength (-1).
   Int:       It affects your intelligence (-1).
   Dex:       It affects your dexterity (+1).
   rPois:     It protects you from poison.
   rN:        It protects you from negative energy.
Jewellery
 f - a +6 ring of strength (left hand)
 l - a ring of protection from fire (right hand)
 o - an amulet of guardian spirit
Wands
 r - a wand of digging (7)
Scrolls
 b - a scroll of identify
Potions
 d - 3 potions of might
 g - a potion of resistance
 h - 3 potions of curing
 k - a potion of cancellation {unknown}
 m - a potion of haste
 p - a potion of heal wounds {unknown}

Dungeon Overview and Level Annotations

Branches:
Dungeon (4/15)
 Temple: D:4-7

Altars:
Okawaru
Wu Jian
Yredelemnul


Message History

HP restored.
You see here a scorpion corpse.
Found an escape hatch in the ceiling.
Enter note:
Enter note: A kobold comes into view. It is wielding a +0 club.
You see here 3 gold pieces.
Enter note:
Enter note:
Enter note:
Enter note: You completely miss the kobold.
The kobold hits you but does no damage. You block the kobold's attack.
You slash the kobold!
You kill the kobold!
Okawaru accepts your kill.
You now have 122 gold pieces (gained 3).
Found a stone staircase leading down.
You see here a +0 club.
Enter note:
Enter note:
Enter note:
Enter note: An ogre comes into view. It is wielding a +0 giant club.
The ogre shouts!
Enter note:
Enter note:
Enter note:
Enter note: You slash the ogre!
The ogre is poisoned.
The ogre is moderately wounded.
You block the ogre's attack.
You slice the ogre!!
The ogre is almost dead.
The ogre hits you with a +0 giant club!!
Ouch! That really hurt!
You hit the ogre.
The ogre is almost dead.
The ogre hits you with a +0 giant club!
You die...

... #.... .... #....
.><..#########... ######
..##.......##...~ ....#.
..##.......##...~
#.....##.##.......%.....
#.......#.............~
#......#........#....~
#....@................
#...O.)........##.....
..............[.########
..#........###.....# .
#..####...##.###..###
...# #.#....# ...## ..##
#.###..# ###..# ..
#.####... .....
.......#### #.##


You could see an ogre (very poisoned).

Vanquished Creatures
  A scorpion (D:4)
  A jelly (D:4)
  A gnoll (D:1)
  2 adders (D:3)
  4 worms
  A dart slug (D:1)
  An orc (D:3)
  7 ball pythons
  5 endoplasms
  3 giant cockroaches
  8 hobgoblins
  5 kobolds
  5 quokkas
  3 ball python zombies (D:3)
  8 bats
  7 frilled lizards
  7 goblins
  A quokka zombie (D:3)
  2 rats (D:1)
72 creatures vanquished.

Vanquished Creatures (collateral kills)
  A goblin (D:4)
1 creature vanquished.

Grand Total: 73 creatures vanquished

Notes
Turn   | Place    | Note
-------+----------+-------------------------------------------
     0 | D:1      | qw the Gargoyle Fighter began the quest for the Orb.
     0 | D:1      | Reached XP level 1. HP: 14/14 MP: 1/1
     0 | D:1      | 0 ||| qw: Version: 0.2-a-101-gf424e7f
     0 | D:1      | 0 ||| qw: Game counter: 351
     0 | D:1      | 0 ||| qw: Always use a shield: true
     0 | D:1      | 0 ||| qw: God list: Okawaru
     0 | D:1      | 0 ||| qw: Allow faded altars: false
     0 | D:1      | 0 ||| qw: Do Orc after D:15 true
     0 | D:1      | 0 ||| qw: Do second Lair branch before Depths: true
     0 | D:1      | 0 ||| qw: Lair rune preference: random
     0 | D:1      | 0 ||| qw: Plans: Normal, Zot:1-4, Slime:5, God:TSO, Crypt,
                  | Tomb, Pan, Hells, Abyss, Win
     0 | D:1      | 0 ||| PLANNING D:1-11
    29 | D:1      | Reached skill level 2 in Axes
    38 | D:1      | Found a faded altar of an unknown god.
    67 | D:1      | Reached XP level 2. HP: 15/19 MP: 2/2
   241 | D:1      | 241 ||| Stepping ~*~*~tactically~*~*~ (stealth).
   306 | D:1      | Reached skill level 3 in Axes
   306 | D:1      | Reached XP level 3. HP: 19/23 MP: 3/3
   441 | D:1      | 441 ||| Stepping ~*~*~tactically~*~*~ (water).
   482 | D:1      | 482 ||| Stepping ~*~*~tactically~*~*~ (stealth).
   636 | D:1      | 636 ||| Stepping ~*~*~tactically~*~*~ (hiding).
   703 | D:1      | 703 ||| UPGRADING to +0 pair of gloves.
   708 | D:1      | 708 ||| UPGRADING to +6 ring of strength.
   709 | D:1      | 709 ||| READING scroll labelled MENGOSO VASKO.
   710 | D:1      | 710 ||| READING scroll labelled WOYGHEHEDA.
  1012 | D:2      | Reached XP level 4. HP: 28/28 MP: 4/4
  1079 | D:2      | 1079 ||| DROPPING +0 whip.
  1169 | D:2      | 1169 ||| Stepping ~*~*~tactically~*~*~ (stealth).
  1483 | D:2      | 1483 ||| UPGRADING to ring of protection from fire.
  1484 | D:2      | 1484 ||| READING scroll labelled VOJIREE NESM.
  1485 | D:2      | 1485 ||| READING scroll labelled GIUNED XEFF.
  1505 | D:2      | 1505 ||| DRINKING 2 ruby potions.
  1506 | D:2      | 1506 ||| DRINKING 2 dark potions.
  1541 | D:3      | Found a basalt altar of Yredelemnul.
  1609 | D:3      | Reached skill level 4 in Axes
  1741 | D:3      | 1741 ||| SWAPPING to +1 war axe of venom.
  1742 | D:3      | 1742 ||| DROPPING +1 war axe.
  2220 | D:3      | Found the +2 ratskin cloak {*Rats rPois rN+ Str-1 Int-1
                  | Dex+1}
  2421 | D:3      | 2421 ||| UPGRADING to +0 plate armour.
  2431 | D:3      | 2431 ||| DROPPING +0 scale mail.
  2432 | D:3      | 2432 ||| UPGRADING to +2 ratskin cloak {*Rats rPois rN+
                  | Str-1 Int-1 Dex+1}.
  2437 | D:3      | 2437 ||| READING scroll labelled SYETEIPHIC.
  2440 | D:3      | 2440 ||| READING scroll labelled GAECAT FUA.
  2499 | D:4      | Reached XP level 5. HP: 28/32 MP: 5/5
  2535 | D:4      | Found an ornate altar of the Wu Jian Council.
  2577 | D:4      | Found an iron altar of Okawaru.
  2578 | D:4      | 2578 ||| PLANNING OKAWARU WORSHIP
  2578 | D:4      | 2578 ||| UPGRADING to amulet of guardian spirit.
  2583 | D:4      | 2583 ||| READING scroll labelled WAENOS OKISICK.
  2584 | D:4      | 2584 ||| READING scroll labelled ESIH JYUDO.
  2587 | D:4      | Became a worshipper of Warmaster Okawaru
  2587 | D:4      | 2587 ||| PLANNING D:1-11
  2588 | D:4      | 2588 ||| REMOVING amulet of guardian spirit.
  2615 | D:4      | Reached skill level 5 in Axes
  2664 | D:4      | Noticed an ogre
  2672 | D:4      | Slain by an ogre

Levels and vault maps discovered:
D:1:      minmay_arrival_three_doors, layout_rooms,
          shapermc_ecumenical_altar_starsandcircs
D:2:      layout_basic
D:3:      layout_basic, nicolae_yredelemnul_corpse_copse,
          minmay_fractal_squares_diagonal_5
D:4:      layout_rooms, mainiacjoe_overflow_catwalk, old_standard_altar,
          mainiacjoe_overflow_small_starburst, amcnicky_altar_gilded,
          kennysheep_mini

Skill      XL: |  1  2  3  4  5 |
---------------+----------------+-----
Axes           | 2 3 4 5 |  5.3
Fighting       | |  3.3
Armour         | |  3.2
Shields        | |  3.2

Action                     |  1- 3 |  4- 6 || total
---------------------------+-------+-------++-------
  Melee: War axe           |   116 |   100 ||   216
    Use: Scroll            |     2 |     6 ||     8
         Potion            |       |     2 ||     2
 Armour: Scale mail        |    62 |    31 ||    93
         Plate armour      |       |    13 ||    13
  Dodge: Dodged            |    44 |    43 ||    87
  Block: Buckler           |    22 |    12 ||    34

Table legend:
 A = Non-vault XP
 B = Vault XP
 C = Vault XP percentage of total XP
 D = Non-vault monster count
 E = Vault monster count
 F = Vault count percentage of total count
                 A         B        C        D         E       F
            +---------+---------+-------+---------+---------+-------
      Total |     274 |      16 |   5.5 |      64 |       9 |  12.3
            +---------+---------+-------+---------+---------+-------
        D:1 |      61 |       0 |   0.0 |      29 |       0 |   0.0
        D:2 |      33 |       0 |   0.0 |      17 |       0 |   0.0
        D:3 |      40 |      16 |  28.6 |       8 |       9 |  52.9
        D:4 |     140 |       0 |   0.0 |      10 |       0 |   0.0
            +---------+---------+-------+---------+---------+-------
